 Dungeon Crawl Stone Soup version 0.30-a0-142-g7370640ec8 (webtiles) character file.

Game seed: 12245070662475703158

201 qw the Chopper (level 5, 0/33 HPs)
             Began as a Gargoyle Fighter on Sept 26, 2022.
             Slain by a gnoll
             ... wielding a +0 halberd of freezing
             ... led by a gnoll bouda
              (3 damage)
             ... on level 4 of the Dungeon.
             The game lasted 00:01:25 (3609 turns).

qw the Chopper (Gargoyle Fighter)                   Turns: 3609, Time: 00:01:25

Health: 0/33       AC: 15    Str: 21    XL:     5   Next: 79%
Magic:  5/5        EV:  7    Int:  9    God:
Gold:   189        SH:  4    Dex:  9    Spells: 4/4 levels left

rFire   . . .      SeeInvis .    Y - +0 war axe
rCold   . . .      Faith    .    c - +0 buckler
rNeg    + . .      Spirit   .    f - +0 chain mail
rPois   inf        Reflect  .    (no helmet)
rElec   +          Harm     .    (no cloak)
rCorr   .          Rampage  .    o - +0 pair of gloves
Will    +....                    a - +0 pair of boots
Stlth   ..........               h - amulet of the acrobat
HPRegen 0.11/turn                k - ring of willpower
MPRegen 0.09/turn                (no ring)

@: no status effects
A: sickness immunity, AC +4, negative energy resistance 1, electricity
resistance, torment resistance 1, petrification resistance
a: no special abilities


You were on level 4 of the Dungeon.
You visited 1 branch of the dungeon, and saw 4 of its levels.

You collected 189 gold pieces.


Innate Abilities, Weirdness & Mutations

You are immune to sickness and miasma.
Your stone body is resilient. (AC +4)
You are immune to poison.
You resist negative energy. (rN+)
You are resistant to electric shocks. (rElec)
You are resistant to unholy torment.
You are immune to petrification.


   Skills:
 - Level 4.0 Fighting
 + Level 5.0 Axes
 - Level 3.2 Armour
 - Level 3.2 Shields


You had 4 spell levels left.
You didn't know any spells.
Your spell library was empty.

Inventory:

Hand Weapons
 s - a +0 morningstar
 Y - a +0 war axe (weapon)
Missiles
 q - a boomerang (quivered)
Armour
 a - a +0 pair of boots (worn)
 c - a +0 buckler (worn)
 f - a +0 chain mail (worn)
 g - a +0 plate armour
 o - a +0 pair of gloves (worn)
 r - a +1 ring mail of cold resistance
Jewellery
 h - an amulet of the acrobat (around neck)
 k - a ring of willpower (left hand)
Scrolls
 n - 2 scrolls of teleportation
 p - a scroll of identify
 u - a scroll of vulnerability {unknown}
Potions
 b - a potion of haste {unknown}
 d - 2 potions of might
 e - a potion of magic {unknown}
 i - 3 potions of curing {unknown}
 j - a potion of brilliance {unknown}
 l - a potion of ambrosia {unknown}
 m - a potion of cancellation {unknown}
 t - a potion of lignification {unknown}

Dungeon Overview and Level Annotations

Branches:
Dungeon (4/15)
 Temple: D:4-7

Altars:

Shops:
D:1 ([=

Annotations:
D:1 2 transporters


Message History

You barely miss the gnoll.
The gnoll is lightly wounded.
You block the gnoll's attack. The gnoll completely misses you.
You barely miss the gnoll.
The gnoll is lightly wounded.
A gnoll bouda comes into view. It is wielding a +0 whip.
The gnoll hits you from afar with a +0 halberd of freezing.
The gnoll freezes you. You block the gnoll's attack.
You slash the gnoll!
The gnoll is almost dead.
The gnoll bouda barks out a call to the hunt!
The gnolls pick up the pace!
The gnoll barely misses you.
The gnoll hits you with a +2 whip of flaming.
The gnoll burns you.
You barely miss the gnoll.
The gnoll is almost dead.
The gnoll hits you but does no damage.
The gnoll hits you with a +2 whip of flaming.
The gnoll burns you.
The gnoll hits you with a +2 whip of flaming.
The gnoll burns you.
The gnoll hits you from afar with a +0 halberd of freezing.
The gnoll freezes you.
A gnoll comes into view. It is wielding a +0 spear.
3605 ||| Stepping ~*~*~tactically~*~*~ (stealth).
The gnoll moves out of view.
A gnoll comes into view. It is wielding a +0 flail.
The gnoll shouts!
The gnoll closely misses you. You block the gnoll's attack.
The gnoll moves out of view.
You closely miss the gnoll bouda. The gnoll closely misses you.
The gnoll hits you but does no damage. You block the gnoll bouda's attack.
You barely miss the gnoll bouda.
The gnoll barely misses you. x2; The gnoll bouda closely misses you.
You barely miss the gnoll bouda.
The gnoll hits you from afar with a +0 halberd of freezing.
The gnoll freezes you.
You die...

#....# #.#
##...# #.#
#...# #.#
#.# .. 77
#.# ...777.
#.# #.....g
###.#
#..gg##...#
#@..###
#..## +###


You could see a gnoll bouda and 2 gnolls.

Vanquished Creatures
  An orc wizard (D:3)
  2 adders
  4 gnolls
  An ufetubus (D:2)
  2 worms (D:2)
  A dart slug (D:1)
  6 orcs
  5 ball pythons
  8 endoplasms
  8 giant cockroaches
  11 goblins
  8 hobgoblins
  7 jackals
  7 kobolds
  4 quokkas
  2 bats (D:3)
  7 frilled lizards
  6 rats
90 creatures vanquished.

Vanquished Creatures (others)
  2 fungi (D:3)
  10 plants (D:3)
12 creatures vanquished.

Grand Total: 102 creatures vanquished

Notes
Turn   | Place    | Note
-------+----------+-------------------------------------------
     0 | D:1      | qw the Gargoyle Fighter began the quest for the Orb.
     0 | D:1      | Reached XP level 1. HP: 14/14 MP: 1/1
     0 | D:1      | 0 ||| qw: Version: 0.2-a-10-g399e6c4
     0 | D:1      | 0 ||| qw: Game counter: 437
     0 | D:1      | 0 ||| qw: Always use a shield: true
     0 | D:1      | 0 ||| qw: God list: Okawaru
     0 | D:1      | 0 ||| qw: Allow faded altars: false
     0 | D:1      | 0 ||| qw: Do Orc after D:15 true
     0 | D:1      | 0 ||| qw: Do second Lair branch before Depths: true
     0 | D:1      | 0 ||| qw: Lair rune preference: random
     0 | D:1      | 0 ||| qw: Plans: Normal, Zot:1-4, God:TSO, Crypt, Tomb,
                  | Pan, Slime:5, Hells, Abyss, Orb
     0 | D:1      | 0 ||| PLANNING D:1-11
    58 | D:1      | Reached skill level 2 in Axes
    87 | D:1      | 87 ||| Stepping ~*~*~tactically~*~*~ (stealth).
   210 | D:1      | Reached XP level 2. HP: 7/19 MP: 2/2
   524 | D:1      | 524 ||| Stepping ~*~*~tactically~*~*~ (stealth).
   529 | D:1      | 529 ||| Stepping ~*~*~tactically~*~*~ (stealth).
   530 | D:1      | 530 ||| Stepping ~*~*~tactically~*~*~ (stealth).
   549 | D:1      | 549 ||| Stepping ~*~*~tactically~*~*~ (stealth).
   550 | D:1      | 550 ||| Stepping ~*~*~tactically~*~*~ (stealth).
   552 | D:1      | 552 ||| Stepping ~*~*~tactically~*~*~ (stealth).
   690 | D:1      | 690 ||| Stepping ~*~*~tactically~*~*~ (stealth).
   692 | D:1      | 692 ||| Stepping ~*~*~tactically~*~*~ (hiding).
   695 | D:1      | Reached skill level 3 in Axes
   703 | D:1      | Reached XP level 3. HP: 23/23 MP: 3/3
   750 | D:1      | Found Roghayf's Antique Armour Emporium.
   759 | D:1      | 759 ||| SHOPLISTING cloak (85 gold, have 52).
   759 | D:1      | 759 ||| SHOPLISTING kite shield (85 gold, have 52).
   759 | D:1      | 759 ||| SHOPLISTING shiny helmet (142 gold, have 52).
   777 | D:1      | Found Foucott's Antique Weapon Emporium.
   787 | D:1      | 787 ||| SHOPLISTING faintly glowing flail (161 gold, have
                  | 52).
   787 | D:1      | 787 ||| SHOPLISTING mace (57 gold, have 52).
   812 | D:1      | 812 ||| DROPPING +0 club.
   837 | D:1      | Found Lueqoun's Jewellery Shop.
   840 | D:1      | 840 ||| SHOPLISTING +6 ring of dexterity (432 gold, have
                  | 52).
   840 | D:1      | 840 ||| SHOPLISTING +6 ring of strength (432 gold, have
                  | 52).
   840 | D:1      | 840 ||| SHOPLISTING amulet of Arphezufy {Spirit Regen+
                  | rCorr} (511 gold, have 52).
   840 | D:1      | 840 ||| SHOPLISTING ring of willpower (300 gold, have 52).
   860 | D:1      | 860 ||| Stepping ~*~*~tactically~*~*~ (stealth).
   962 | D:1      | 962 ||| DROPPING +0 whip.
  1115 | D:1      | 1115 ||| UPGRADING to +0 chain mail.
  1125 | D:1      | 1125 ||| DROPPING +0 scale mail.
  1126 | D:1      | 1126 ||| UPGRADING to amulet of the acrobat.
  1131 | D:1      | 1131 ||| UPGRADING to ring of willpower.
  1132 | D:1      | 1132 ||| READING scroll labelled ERIYNL DURRI.
  1133 | D:1      | 1133 ||| READING scroll labelled ELLARA WIGI.
  1189 | D:2      | 1189 ||| STAIRDANCE
  1324 | D:2      | Reached XP level 4. HP: 28/28 MP: 4/4
  1324 | D:2      | 1324 ||| Stepping ~*~*~tactically~*~*~ (stealth).
  1372 | D:2      | Reached skill level 4 in Axes
  1772 | D:2      | 1772 ||| Stepping ~*~*~tactically~*~*~ (stealth).
  1773 | D:2      | 1773 ||| Stepping ~*~*~tactically~*~*~ (stealth).
  1783 | D:2      | 1783 ||| Stepping ~*~*~tactically~*~*~ (stealth).
  1787 | D:2      | 1787 ||| Stepping ~*~*~tactically~*~*~ (stealth).
  1801 | D:2      | Reached XP level 5. HP: 27/32 MP: 5/5
  2216 | D:2      | 2216 ||| UPGRADING to +0 pair of gloves.
  2221 | D:2      | 2221 ||| READING 3 scrolls labelled LUASYE POFORIWN.
  2225 | D:2      | 2225 ||| READING scroll labelled ITUGUMP YPUO.
  2226 | D:2      | 2226 ||| DRINKING 2 glowing brown potions.
  2227 | D:2      | 2227 ||| DROPPING potion of invisibility.
  2344 | D:3      | 2344 ||| Stepping ~*~*~tactically~*~*~ (stealth).
  2345 | D:3      | 2345 ||| Stepping ~*~*~tactically~*~*~ (stealth).
  2783 | D:3      | Found a faded altar of an unknown god.
  2869 | D:3      | 2869 ||| Stepping ~*~*~tactically~*~*~ (stealth).
  2885 | D:3      | Reached skill level 5 in Axes
  3416 | D:3      | 3416 ||| UPGRADING to +0 pair of boots.
  3469 | D:4      | 3469 ||| DROPPING +0 flail.
  3605 | D:4      | 3605 ||| Stepping ~*~*~tactically~*~*~ (stealth).
  3609 | D:4      | HP: 3/33 [gnoll/+0 halberd of freezing[a gnoll bouda] (6)]
  3609 | D:4      | Slain by a gnoll

Levels and vault maps discovered:
D:1:      spicycebolla_arrival_transporter_tutorial, layout_basic, serial_shops,
          nicolae_shop_advertising_works [nicolae_subvault_shop_adworks], shop,
          nicolae_shop_behind_doors, hangedman_abyss_or_decor_stabs,
          ebering_dispersal_statue_hall, minivault_11,
          amcnicky_mini_rare_corridor_liquid
D:2:      layout_basic
D:3:      layout_basic, shapermc_ecumenical_altar_mp_urbaneastern,
          grunt_decor_resistance, kennysheep_boxes
D:4:      minmay_diamond_boxcup, layout_cave_pools,
          mainiacjoe_overflow_surrounded_room, mainiacjoe_overflow_two_lobes

Skill      XL: |  1  2  3  4  5 |
---------------+----------------+-----
Axes           | 2 3 4 5 |  5.0
Fighting       | 4 |  4.0
Armour         | |  3.2
Shields        | |  3.2

Action                   |  1- 3 |  4- 6 || total
-------------------------+-------+-------++-------
Melee: War axe           |   108 |   164 ||   272
Throw: Boomerang         |       |    14 ||    14
  Use: Scroll            |     2 |     2 ||     4
       Potion            |       |     1 ||     1
Armor: Scale mail        |    45 |       ||    45
       Chain mail        |     4 |   119 ||   123
Dodge: Dodged            |    37 |    92 ||   129
Block: Buckler           |    17 |    45 ||    62

Table legend:
 A = Non-vault XP
 B = Vault XP
 C = Vault XP percentage of total XP
 D = Non-vault monster count
 E = Vault monster count
 F = Vault count percentage of total count
                 A         B        C        D         E       F
            +---------+---------+-------+---------+---------+-------
      Total |     288 |       0 |   0.0 |      90 |       0 |   0.0
            +---------+---------+-------+---------+---------+-------
        D:1 |      74 |       0 |   0.0 |      34 |       0 |   0.0
        D:2 |     111 |       0 |   0.0 |      27 |       0 |   0.0
        D:3 |      95 |       0 |   0.0 |      25 |       0 |   0.0
        D:4 |       8 |       0 |   0.0 |       4 |       0 |   0.0
            +---------+---------+-------+---------+---------+-------
